 Dungeon Crawl Stone Soup version 0.28.0-45-g0d030f2227 (webtiles) character file.

Game seed: 2292750060518475977

53 zeratav the Insei (level 3, -1/24 HPs)
             Began as an Octopode Transmuter on Apr 8, 2022.
             Slain by a frilled lizard (2 damage)
             ... on level 1 of the Dungeon.
             The game lasted 00:02:01 (1489 turns).

zeratav the Insei (Octopode Transmuter)             Turns: 1489, Time: 00:02:01

Health: -1/24      AC:  1    Str:  9    XL:     3   Next: 87%
Magic:  6/6        EV: 13    Int: 15    God:
Gold:   21         SH:  0    Dex: 14    Spells: 5/6 levels left

rFire   . . .      SeeInvis .     - Unarmed
rCold   . . .      Faith    .   (no shield)
rNeg    . . .      Spirit   .   (helmet restricted)
rPois   .          Reflect  .   (no amulet)
rElec   .          Harm     .   f - ring of resist corrosion
rCorr   +          Rampage  .   (no ring)
Will    .....                   (no ring)
Stlth   +++.......              (no ring)
HPRegen 0.08/turn               (no ring)
MPRegen 0.10/turn               (no ring)
                                (no ring)
                                (no ring)

@: no status effects
A: almost no armour, amphibious, 8 rings, camouflage 1, gelatinous body 1,
(nimble swimmer 1), tentacles
a: no special abilities


You were on level 1 of the Dungeon.
You visited 1 branch of the dungeon, and saw 2 of its levels.

You collected 21 gold pieces.


Innate Abilities, Weirdness & Mutations

You cannot wear most types of armour.
You are amphibious.
You can wear up to eight rings at the same time.
Your skin changes colour to match your surroundings (Stealth+).
Your rubbery body absorbs attacks. (AC +1, EV +1)
((You are camouflaged when in or above water. (Stealth+)))
You have tentacles for arms and can constrict up to eight enemies at once.


   Skills:
 + Level 1.7 Fighting
 + Level 2.4 Dodging
 + Level 1.9 Stealth
 * Level 3.7 Unarmed Combat
 - Level 2.0 Spellcasting
 - Level 2.0 Transmutations


You had 5 spell levels left.
You knew the following spells:

 Your Spells              Type           Power      Damage    Failure   Level
a - Beastly Appendage     Tmut           14%        N/A       10%         1

Your spell library contained the following spells:

 Spells                   Type           Power      Damage    Failure   Level
 Wereblood                Tmut           7%         N/A       14%         2
 Spider Form              Tmut/Pois      4%         N/A       41%         3
 Ignite Poison            Fire/Tmut/Pois 3%         N/A       45%         3
 Conjure Flame            Conj/Fire      1%         6-21      54%         3
 Ice Form                 Ice/Tmut       4%         N/A       82%         4
 Sticky Flame             Conj/Fire      1%         2d3       91%         4

Inventory:

Jewellery
 f - a ring of resist corrosion (left tentacle)
   (You found it on level 1 of the Dungeon)
Scrolls
 e - a scroll of fear {unknown}
Potions
 a - 2 potions of heal wounds {unknown}
 b - a potion of brilliance {unknown}
 c - a potion of curing {unknown}
 d - 2 potions of might {unknown}

Dungeon Overview and Level Annotations

Branches:
Dungeon (2/15)

Altars:

Shops:
D:1 ?

Annotations:
D:2 Robin

#....##.##..#...#.######.###.#.#.
..........#...#..#...#.### #.#.#.
....#...#.#.....#.###.#.####.#.#.
..##....##....#...#.#..#..##.#.#.
.#...#....#....##.##.##..###.#.#.
.....#.......#...##.#..#.<##.#.#.
############################...#.
######################### ##.###.
...............)@##.....# #......
###....#####.##l###.###'###..###.
.##....# ###+##.###.##...........
.##....# #..................#....
.##....# #.......................
.##....###...................####
...).)........................#
..........##....############..#
..........###..## #..#


You could see a frilled lizard.


Message History

You hear a shout!
The dart slug closely misses you.
There is a stone staircase leading up here.
The goblin barely misses you. The dart slug closely misses you.
The goblin hits you but does no damage.
You climb upwards.
Your tentacle spike disappears.
There is a stone staircase leading down here.
You tentacle-slap the dart slug. You grab the dart slug.
You squeeze the dart slug!
You kill the dart slug!
The goblin hits you but does no damage.
You tentacle-slap the goblin. Your grab misses the goblin.
You squeeze the goblin.
You kill the goblin!
No target in view!
No target in view!
No target in view!
No target in view!
No target in view!
No target in view!
No target in view!
No target in view!
No target in view!
No target in view!
No target in view!
No target in view!
No target in view!
No target in view!
No target in view!
No target in view!
No target in view!
No target in view!
No target in view!
No target in view!
No target in view!
You start resting.
HP[+7]
Your hp is fully restored (24).
You climb downwards.
Level annotation: Robin The goblin shouts! x2
The goblin hits you with a +0 dagger. The frilled lizard closely misses you.
The goblin hits you with a +0 dagger. The goblin barely misses you.
Robin roars a battlecry!
The goblins go into a battle-frenzy!
You hear a shout!
There is a stone staircase leading up, spattered with blood here.
HP[-7]
You take 7 damage, and now have 17/24 hp.
MASSIVE DAMAGE!! (PAUSE)
The frilled lizard barely misses you. The goblin hits you with a +0 dagger.
The goblin closely misses you.
You climb upwards.
There is a stone staircase leading down here.
HP[-4]
You take 4 damage, and now have 13/24 hp.
You barely miss the goblin. You grab the goblin. You constrict the goblin.
The frilled lizard misses you. The goblin hits you with a +0 dagger.
* * * LOW HITPOINT WARNING * * *
HP[-1]
You take 1 damage, and now have 12/24 hp.
You tentacle-slap the goblin. You constrict the goblin.
You kill the goblin!
The frilled lizard closely misses you.
You completely miss the goblin. Your grab misses the goblin.
The frilled lizard barely misses you. The goblin hits you with a +0 dagger.
* * * LOW HITPOINT WARNING * * *
You barely miss the goblin. You grab the goblin.
You constrict the goblin, but do no damage.
The frilled lizard barely misses you. The goblin barely misses you.
HP[-4]
You take 4 damage, and now have 8/24 hp.
You tentacle-slap the goblin but do no damage.
You squeeze the goblin, but do no damage.
You constrict the goblin. The frilled lizard bites you.
* * * LOW HITPOINT WARNING * * *
The goblin hits you with a +0 dagger.
* * * LOW HITPOINT WARNING * * *
You are too injured to fight recklessly!
You are too injured to fight recklessly!
HP[-6]
You take 6 damage, and now have 2/24 hp.
MASSIVE DAMAGE!! (PAUSE)
You are too injured to fight recklessly!
You are too injured to fight recklessly!
You are too injured to fight recklessly!
You are too injured to fight recklessly!
You are too injured to fight recklessly!
You are too injured to fight recklessly!
You barely miss the goblin. You constrict the goblin.
The frilled lizard bites you.
* * * LOW HITPOINT WARNING * * *
The goblin barely misses you.
HP[-1]
You take 1 damage, and now have 1/24 hp.
You tentacle-slap the goblin.
You kill the goblin!
The frilled lizard bites you.
You die...

Skill      XL: |  1  2 |
---------------+-------+-----
Stealth        | 1 |  1.9
Fighting       | |  1.7
Dodging        | |  2.4
Unarmed Combat | |  3.7
Spellcasting   | |  2.0
Transmutations | |  2.0

Action                   || total
-------------------------++-------
Melee: Unarmed           ||    65
       Kick              ||    18
       Tentacles         ||    15
       Constrict         ||    19
       Punch             ||     3
 Cast: Beastly Appendage ||    15
 Stab: Sleeping          ||     6
Armor: Skin              ||     5
Dodge: Dodged            ||    50

Levels and vault maps discovered:
D:1:      erik_arrival_cave_to_civilisation [erik_arrival_cave_to_hall],
          layout_basic, shapermc_ecumenical_altar_totnotflames, serial_shops,
          nicolae_shop_window_shopping
D:2:      minmay_spotlight, layout_rooms, serial_shops, nicolae_square_shop,
          minmay_misc_feat_plants, minmay_between, uniq_sigmund, uniq_robin

Notes
Turn   | Place    | Note
-------+----------+-------------------------------------------
     0 | D:1      | zeratav the Octopode Transmuter began the quest for the
                  | Orb.
     0 | D:1      | Reached XP level 1. HP: 13/13 MP: 3/3
     0 | D:1      | magus.rc [v1.9.6]
   179 | D:1      | You add the spells Conjure Flame, Ignite Poison and Sticky
                  | Flame to your library.
   269 | D:1      | Reached XP level 2. HP: 18/18 MP: 3/5
   310 | D:1      | Reached skill level 1 in Stealth
   481 | D:1      | Reached XP level 3. HP: 11/23 MP: 6/6
   901 | D:1      | Found a faded altar of an unknown god.
  1175 | D:1      | Found Gatysuur's Magic Scroll Shop.
  1392 | D:2      | Noticed Robin
  1487 | D:1      | HP: 5/24 [frilled lizard (3)]
  1487 | D:1      | HP: 2/24 [goblin/+0 dagger[Robin] (3)]
  1489 | D:1      | Slain by a frilled lizard

Vanquished Creatures
  A gnoll (D:1)
  2 dart slugs (D:1)
  A bat (D:2)
  4 endoplasms (D:1)
  3 giant cockroaches (D:1)
  5 goblins (D:1)
  4 hobgoblins
  3 jackals (D:1)
  2 quokkas (D:1)
  3 ball pythons (D:1)
  A frilled lizard (D:1)
  3 kobolds (D:1)
  2 rats (D:1)
34 creatures vanquished.

Table legend:
 A = Non-vault XP
 B = Vault XP
 C = Vault XP percentage of total XP
 D = Non-vault monster count
 E = Vault monster count
 F = Vault count percentage of total count
                 A         B        C        D         E       F
            +---------+---------+-------+---------+---------+-------
      Total |      69 |       9 |  11.5 |      29 |       5 |  14.7
            +---------+---------+-------+---------+---------+-------
        D:1 |      65 |       9 |  12.2 |      27 |       5 |  15.6
        D:2 |       4 |       0 |   0.0 |       2 |       0 |   0.0
            +---------+---------+-------+---------+---------+-------

Illustrated notes

Table legend:
 A = Kills in this place as a percentage of kills in entire the game.
 B = Kills by you in this place as a percentage of kills by you in the entire game.
 C = Kills by friends in this place as a percentage of kills by friends in the entire game.
 D = Other kills in this place as a percentage of other kills in the entire game.
 E = Experience gained in this place as a percentage of experience gained in the entire game.
 F = Experience gained in this place divided by the number of levels of this place that you have seen.
                   A       B       C       D       E      F
               +-------+-------+-------+-------+-------+----------------------
         Total | 100.0 | 100.0 |   N/A |   N/A | 100.0 |  39.0
       Dungeon | 100.0 | 100.0 |   N/A |   N/A | 100.0 |  39.0
               +-------+-------+-------+-------+-------+----------------------

Table legend: (Time is in decaauts)
 A = Elapsed time spent in this place.
 B = Non-inter-level travel time spent in this place.
 C = Inter-level travel time spent in this place.
 D = Time resting spent in this place.
 E = Time spent auto-exploring this place.
 F = Levels seen in this place.
 G = Mean time per level.
                   A        B        C        D        E       F      G
               +--------+--------+--------+--------+--------+-----+--------+
         Total |   1485 |   1468 |     17 |     78 |   1204 |   2 |  742.5 |
       Dungeon |   1485 |   1468 |     17 |     78 |   1204 |   2 |  742.5 |
               +--------+--------+--------+--------+--------+-----+--------+

Top non-repeatable levels by time:
     D:1: 1469 daAuts
     D:2: 16 daAuts
